 Dungeon Crawl Stone Soup version 0.32-a0-163-g159c032296 (webtiles) character file.

Game seed: 12141745404505624310

95 anacleto the Shooter (level 4, 0/25 HPs)
             Began as a Deep Elf Hunter on Feb 11, 2024.
             Slain by a jackal (3 damage)
             ... on level 3 of the Dungeon.
             The game lasted 00:05:53 (1967 turns).

anacleto the Shooter (Deep Elf Hunter)              Turns: 1967, Time: 00:05:53

Health: 0/25       AC:  3    Str:  8    XL:     4   Next: 40%
Magic:  6/6        EV: 12    Int: 14    God:
Gold:   165        SH:  0    Dex: 20    Spells: 0/3 levels left

rFire   . . .        a - +0 shortbow
rCold   . . .        (shield currently unavailable)
rNeg    . . .        c - +0 leather armour
rPois   .            (no helmet)
rElec   .            (no cloak)
rCorr   .            (no gloves)
SInv    .            (no boots)
Will    .....        (no amulet)
Stlth   ++           (no ring)
HPRegen 0.24/turn    (no ring)
MPRegen 0.10/turn

%: no passive effects
@: hasted, very quick
A: no striking features
a: no special abilities


You were on level 3 of the Dungeon.
You visited 1 branch of the dungeon, and saw 3 of its levels.

You collected 165 gold pieces.

Inventory:

Hand Weapons
 a - a +0 shortbow (weapon)
Armour
 c - a +0 leather armour (worn)
Jewellery
 i - a ring of willpower
Scrolls
 b - a scroll of butterflies
 h - a scroll of immolation
Potions
 d - a potion of curing
 g - a potion of magic {unknown}
 j - a potion of enlightenment {unknown}
 k - a potion of might {unknown}


   Skills:
 - Level 1.5 Fighting
 * Level 7.8 Ranged Weapons
 - Level 2.4 Dodging
 - Level 1.2 Stealth
 + Level 0.2 Spellcasting
 + Level 0.1 Hexes


You couldn't memorise any spells.
You knew the following spells:

 Your Spells              Type           Power      Damage    Failure   Level
a - Confusing Touch       Hex            0%         N/A       77%         3

Your spell library contained the following spells:

 Spells                   Type           Power      Damage    Failure   Level
 Kiss of Death            Conj/Necr      0%         2d5       38%         1
 Mercury Vapours          Alch/Air       0%         N/A       54%         2
 Mephitic Cloud           Conj/Alch/Air  0%         N/A       77%         3
 Dispel Undead            Necr           0%         3d6       99%         4
 Ignite Poison            Fire/Alch      0%         N/A       99%         4
 Sticky Flame             Fire/Alch      0%         2d4       99%         4
 Freezing Cloud           Conj/Ice/Air   0%         6-21      100%        5
 Ignition                 Fire           0%         3d3       100%        8


Dungeon Overview and Level Annotations

Branches:
Dungeon (3/15)

Altars:
Fedhas

Annotations:
D:3 exclusion: oklob plant


Message History

Fire: a) +0 shortbow
Press: ? - help, Q - select action Shift-Dir - straight line, f/p - jackal
Aim: a jackal (59% to hit)
You shoot an arrow. The arrow barely misses the jackal.
The jackal closely misses you. The quokka bites you.
Unknown command.
The quokka bites you but does no damage.
The jackal bites you.
The jackal bites you but does no damage.
The quokka bites you. The jackal attacks as it pursues you!
The jackal closely misses you. The quokka attacks as it pursues you!
The quokka closely misses you.
The jackal bites you but does no damage.
The jackal attacks as it pursues you! The jackal bites you.
The quokka attacks as it pursues you! The quokka barely misses you.
The jackal bites you. The quokka bites you.
* * * LOW HITPOINT WARNING * * *
Fire: a) +0 shortbow
Press: ? - help, Q - select action Shift-Dir - straight line, f/p - jackal
Aim: a jackal (59% to hit)
You shoot an arrow. The arrow hits the jackal.
The jackal is lightly wounded.
The jackal misses you. The quokka bites you.
* * * LOW HITPOINT WARNING * * *
The jackal barely misses you. The jackal barely misses you.
The quokka twitches its whiskers.
The quokka barely misses you. The quokka attacks as it pursues you!
The quokka barely misses you.
You feel yourself speed up. The jackal bites you.
* * * LOW HITPOINT WARNING * * *
The quokka closely misses you. The jackal bites you.
* * * LOW HITPOINT WARNING * * *
The jackal attacks as it pursues you! The jackal closely misses you.
The quokka attacks as it pursues you! The quokka bites you.
* * * LOW HITPOINT WARNING * * *
The jackal bites you but does no damage.
The jackal attacks as it pursues you! The jackal bites you.
You die...

#......รท..[........###
.....
#.................##
.....
#.............o..>#
.....
#.................#
.....
#.................# #.
##...............## #!
##............### .....
#####......rh.## ..##.
##.....##@.####... .
#o. #########........
#.. ######... #.. ...


You could see an orc, a quokka and a jackal.

Vanquished Creatures
  A bombardier beetle (D:3)
  2 adders (D:2)
  3 ball pythons
  5 endoplasms
  3 giant cockroaches
  5 goblins
  5 hobgoblins
  2 jackals (D:3)
  5 quokkas
  2 bats
  2 frilled lizards (D:2)
  4 kobolds
  3 rats
42 creatures vanquished.

Notes
Turn   | Place    | Note
-------+----------+-------------------------------------------
     0 | D:1      | anacleto the Deep Elf Hunter began the quest for the Orb.
     0 | D:1      | Reached XP level 1. HP: 12/12 MP: 3/3
   286 | D:1      | Reached XP level 2. HP: 16/16 MP: 4/4
   321 | D:1      | Reached skill level 6 in Ranged Weapons
   696 | D:2      | Reached XP level 3. HP: 13/20 MP: 5/5
  1021 | D:2      | Reached skill level 7 in Ranged Weapons
  1760 | D:3      | Reached XP level 4. HP: 25/25 MP: 6/6
  1789 | D:3      | Learned a level 3 spell: Confusing Touch
  1867 | D:3      | Found a blossoming altar of Fedhas.
  1895 | D:3      | Noticed an oklob plant
  1967 | D:3      | Slain by a jackal

Illustrated notes

Levels and vault maps discovered:
D:1:      lemuel_arrival_tunnels, layout_basic
D:2:      layout_basic, kennysheep_small_spiral, nicolae_figureground_sparkle
D:3:      layout_rooms, tgw_fedhas, lemuel_round_altar, serial_shops,
          nicolae_shop_stone, nicolae_shop_competitors_out_of_business,
          uniq_natasha

Skill      XL: |  1  2  3 |
---------------+----------+-----
Ranged Weapons | 6 7 |  7.8
Fighting       | |  1.5
Dodging        | |  2.4
Stealth        | |  1.2
Spellcasting   | |  0.2
Hexes          | |  0.1

Action                     |  1- 3 |  4- 6 || total
---------------------------+-------+-------++-------
   Fire: Shortbow          |   103 |    24 ||   127
    Use: Potion            |       |     3 ||     3
         Scroll            |       |     1 ||     1
 Armour: Leather armour    |    29 |    67 ||    96
  Dodge: Dodged            |    33 |    68 ||   101

Table legend: (Time is in decaauts)
 A = Elapsed time spent in this place.
 B = Non-inter-level travel time spent in this place.
 C = Inter-level travel time spent in this place.
 D = Time resting spent in this place.
 E = Time spent auto-exploring this place.
 F = Levels seen in this place.
 G = Mean time per level.
                   A        B        C        D        E       F      G
               +--------+--------+--------+--------+--------+-----+--------+
         Total |   1963 |   1921 |     42 |     28 |   1513 |   3 |  654.3 |
       Dungeon |   1963 |   1921 |     42 |     28 |   1513 |   3 |  654.3 |
               +--------+--------+--------+--------+--------+-----+--------+

Top non-repeatable levels by time:
     D:2: 1085 daAuts
     D:1: 670 daAuts
     D:3: 207 daAuts
